 Dungeon Crawl Stone Soup version 0.32-a0-913-g739538afd8 (webtiles) character file.

Game seed: 3972325078092695211

37 Turbonekonecno the Sneak (level 3, 0/18 HPs)
             Began as a Spriggan Enchanter on Apr 8, 2024.
             Succumbed to an adder's poison
             ... on level 2 of the Dungeon.
             The game lasted 00:05:17 (1143 turns).

Turbonekonecno the Sneak (Spriggan Enchanter)       Turns: 1143, Time: 00:05:18

Health: 0/18       AC:  2    Str:  4    XL:     3   Next: 21%
Magic:  6/8        EV: 16    Int: 18    God:
Gold:   99         SH:  0    Dex: 15    Spells: 6/8 levels left

rFire   . . .        g - +0 dagger (venom)
rCold   . . .        (no shield)
rNeg    . . .        b - +0 robe
rPois   .            (helmet restricted)
rElec   .            (no cloak)
rCorr   +            (gloves unavailable)
SInv    +            (boots unavailable)
Will    +....        (no amulet)
Stlth   +++          d - ring of resist corrosion
HPRegen 0.23/turn    i - ring of willpower
MPRegen 0.11/turn

%: no passive effects
@: lethally poisoned (0 -> -1), invisible, very quick
A: very small, no large weapons, unfitting armour, see invisible, speed 3
a: no special abilities


You were on level 2 of the Dungeon.
You visited 1 branch of the dungeon, and saw 2 of its levels.

You collected 99 gold pieces.

Inventory:

Hand Weapons
 a - a +1 dagger
 g - a +0 dagger of venom (weapon)
Armour
 b - a +0 robe (worn)
Jewellery
 d - a ring of resist corrosion (left hand)
 i - a ring of willpower (right hand)
Scrolls
 e - a scroll of identify
 f - a scroll of fog
Potions
 c - a potion of invisibility


   Skills:
 + Level 1.2 Fighting
 - Level 2.0 Short Blades
 - Level 3.0 Dodging
 - Level 5.0 Stealth
 - Level 3.0 Spellcasting
 - Level 3.6 Hexes


You had 6 spell levels left.
You knew the following spells:

 Your Spells              Type           Power      Damage    Failure   Level
a - Ensorcelled Hibernat  Hex/Ice        18%        N/A       12%         2

Your spell library contained the following spells:

 Spells                   Type           Power      Damage    Failure   Level
 Confusing Touch          Hex            15%        N/A       11%         3
 Tukima's Dance           Hex            15%        N/A       11%         3
 Sting                    Conj/Alch      8%         1d3       16%         1
 Mercury Vapours          Alch/Air       4%         N/A       24%         2
 Dazzling Flash           Conj/Hex       18%        N/A       24%         3
 Olgreb's Toxic Radiance  Alch           2%         N/A       85%         4


Dungeon Overview and Level Annotations

Branches:
Dungeon (2/15)

Altars:
Zin


Innate Abilities, Weirdness & Mutations

You are very small and have problems with some larger weapons.
You are too small for most types of armour.
You have supernaturally acute eyesight. (SInv)
You cover ground extremely quickly. (Speed+++)


Message History

You hit the adder.
The adder looks as sick as possible!
The adder is moderately wounded.
You feel sick. The adder bites you.
* * * LOW HITPOINT WARNING * * *
You are lethally poisoned!
The adder poisons you!
It was a potion of cancellation.
You feel magically purged.
* * * LOW HITPOINT WARNING * * *
You feel sick. The adder barely misses you. The adder completely misses you.
Unknown command.
Okay, then.
As you read the scroll labelled EDIFEU POQA, it crumbles to dust.
It is a scroll of identify.
f - a scroll of fog
* * * LOW HITPOINT WARNING * * *
You feel sick. The adder closely misses you.
Unknown command.
Unknown command.
As you read the scroll labelled VAPRUO GEYXT, it crumbles to dust.
It is a scroll of amnesia.
Okay, then.
* * * LOW HITPOINT WARNING * * *
You feel sick.
You kill the adder!
Training target 3.0 for Spellcasting reached!
Your Spellcasting skill increases to level 3!
You need to enable at least one skill for training.
You have reached level 3!
Your experience leads to an increase in your attributes!
Increase (S)trength, (I)ntelligence, or (D)exterity?
You feel clever. x2
Unknown command.
* * * LOW HITPOINT WARNING * * *
You feel sick.
Unknown command.
* * * LOW HITPOINT WARNING * * *
You feel sick.
Unknown command.
You fade into invisibility!
You die...

#.........>...#......#...
...
####.........#........####.#
#.........#.............#
#.........#........###..#
#...................S....
##.......##.....#.###....
###...#.##..##...# #....
#...#.##..##S##....._.
##.##@##(.##.##.#.....
#.##S##..##.##.##....
#.#...#†.##.# .###...
#........?..# .# #.#.
#.#...#...... ...#.
#....######.... ...#. ######
.... ###


You could see an adder (unable to see you).

Vanquished Creatures
  An adder (D:2)
  6 ball pythons
  2 endoplasms (D:1)
  5 goblins (D:1)
  3 hobgoblins
  2 kobolds (D:1)
  3 bats (D:1)
  A frilled lizard (D:2)
  4 rats (D:1)
27 creatures vanquished.

Notes
Turn   | Place    | Note
-------+----------+-------------------------------------------
     0 | D:1      | Turbonekonecno the Spriggan Enchanter began the quest for
                  | the Orb.
     0 | D:1      | Reached XP level 1. HP: 9/9 MP: 5/5
   170 | D:1      | Reached skill level 1 in Fighting
   309 | D:1      | Reached XP level 2. HP: 11/14 MP: 6/6
   973 | D:2      | Found a glowing silver altar of Zin.
  1010 | D:2      | Reached skill level 5 in Stealth
  1074 | D:1      | Learned a level 2 spell: Ensorcelled Hibernation
  1141 | D:2      | Reached XP level 3. HP: 3/18 MP: 6/8
  1143 | D:2      | Succumbed to an adder's poison

Illustrated notes

Levels and vault maps discovered:
D:1:      minmay_arrival_split_and_join, layout_loops_ring
D:2:      layout_loops_ring, basic_altar

Skill      XL: |  1  2 |
---------------+-------+-----
Fighting       | 1 |  1.2
Dodging        | 3 |  3.0
Short Blades   | 2 |  2.0
Stealth        | 5 |  5.0
Spellcasting   | 3 |  3.0
Hexes          | |  3.6

Action                     || total
---------------------------++-------
  Melee: Dagger            ||    87
    Use: Scroll            ||     2
         Potion            ||     2
   Stab: Sleeping          ||     5
 Armour: Robe              ||    30
  Dodge: Dodged            ||    61

Table legend: (Time is in decaauts)
 A = Elapsed time spent in this place.
 B = Non-inter-level travel time spent in this place.
 C = Inter-level travel time spent in this place.
 D = Time resting spent in this place.
 E = Time spent auto-exploring this place.
 F = Levels seen in this place.
 G = Mean time per level.
                   A        B        C        D        E       F      G
               +--------+--------+--------+--------+--------+-----+--------+
         Total |    768 |    762 |      6 |     23 |    469 |   2 |  384.0 |
       Dungeon |    768 |    762 |      6 |     23 |    469 |   2 |  384.0 |
               +--------+--------+--------+--------+--------+-----+--------+

Top non-repeatable levels by time:
     D:1: 672 daAuts
     D:2: 96 daAuts
